 Dungeon Sprint DCSS version 0.30-a0-870-gc5d4c5acee (webtiles) character file.

Game seed: 12579777459093664388

107 rocky1 the Covert (level 4, -10/23 HPs)
             Began as a Vine Stalker Brigand on Mar 12, 2023.
             Mangled by Sigmund
             ... wielding a +0 scythe of distortion
              (21 damage)
             ... in the Dungeon (Sprint I: "Red Sonja").
             The game lasted 00:01:21 (367 turns).

rocky1 the Covert (Vine Stalker Brigand)             Turns: 367, Time: 00:01:22

Health: -10/23     AC:  4    Str: 13    XL:     4   Next: 86%
Magic:  0/5        EV: 11    Int: 11    God:
Gold:   54         SH:  0    Dex: 18    Spells: 3/3 levels left

rFire   . . .      SeeInvis .    a - +2 dagger
rCold   . . .      Faith    .    (no shield)
rNeg    . . .      Spirit   +    l - +0 leather armour
rPois   .          Reflect  .    (no helmet)
rElec   .          Rampage  .    c - +0 cloak
rCorr   .          NoTele   +    (no gloves)
Will    .....                    (no boots)
Stlth   +++++                    (no amulet)
HPRegen 1.03/turn                (no ring)
MPRegen 0.09/turn                (no ring)

@: no status effects
A: fangs 2, regeneration 1, magic shield, antimagic bite, no potion heal 2
a: no special abilities


You were in the Dungeon.
You visited 1 branch You collected 54 gold pieces.

Inventory:

Hand Weapons
 a - a +2 dagger (weapon)
Missiles
 d - 9 poisoned darts (quivered)
Armour
 b - a +0 robe
 c - a +0 cloak (worn)
 l - a +0 leather armour (worn)
Wands
 e - a wand of flame (22)
Scrolls
 j - a scroll of blinking
Potions
 f - a potion of curing
 g - a potion of haste
 h - 2 potions of magic
 i - a potion of berserk rage


   Skills:
 - Level 1.7 Fighting
 - Level 1.7 Short Blades
 - Level 1.7 Throwing
 - Level 0.7 Dodging
 * Level 12.7 Stealth


You had 3 spell levels left.
You didn't know any spells.
Your spell library was empty.

Dungeon Overview and Level Annotations

Branches:
Dungeon (1/1)

Altars:

Annotations:
D Sigmund


Innate Abilities, Weirdness & Mutations

You have extremely sharp teeth.
Your natural rate of healing is unusually fast.
When hurt, damage is shared between your health and your magic reserves.
Your bite disrupts and absorbs the magic of your enemies.
Potions cannot restore your health.


Message History

You feel agile.
You begin to heal more quickly.
Unknown command.
Things that are here:
a +0 giant spiked club; an ogre corpse You open the door.
Found 54 gold pieces.
There is an open door here.
You now have 27 gold pieces.
You now have 54 gold pieces (gained 27).
There is an open door here.
Things that are here:
a +0 giant spiked club; an ogre corpse You open the door.
Sigmund the Dreaded comes into view.
He is wielding a +0 scythe of distortion.
Sigmund shouts!
Sigmund hits you from afar with a +0 scythe of distortion!
There is an open door here.
Sigmund closely misses you.
Throw: 2 darts (curare)
Press: ? - help, Q - select action, (/) - cycle Shift-Dir - straight line, f - Sigmund
Aim: Sigmund, wielding a +0 scythe of distortion and wearing a +0 robe (57% to hit)
You throw a curare-tipped dart. The curare-tipped dart hits Sigmund.
Sigmund is poisoned.
Sigmund convulses.
Sigmund seems to slow down.
Sigmund is lightly wounded.
Throw: dart (curare)
Press: ? - help, Q - select action, (/) - cycle Shift-Dir - straight line, f/p - Sigmund
Aim: Sigmund, wielding a +0 scythe of distortion and wearing a +0 robe (moderately wounded, very poisoned, slow, 57% to hit)
You throw a curare-tipped dart. The curare-tipped dart hits Sigmund.
Sigmund looks as sick as possible!
Sigmund convulses.
Sigmund seems to be slow for longer.
Sigmund is moderately wounded.
You closely miss Sigmund. You bite Sigmund.
Sigmund's magic leaks into the air.
You drain his magic.
You feel invigorated.
Sigmund is severely wounded.
Sigmund hits you with a +0 scythe of distortion!
Space warps horribly around you!!
Ouch! That really hurt!
You die...

#############
#<.#.)'..#.@+
#..'..#.)'@.#
#..#####'####
#..# #..#
#..# ####
#..# #⌠⌠#
####


You could see Sigmund (extremely poisoned, slow, magic disrupted).

Vanquished Creatures
  An ogre (D)
  Ijyb (D)
2 creatures vanquished.

Notes
Turn   | Place    | Note
-------+----------+-------------------------------------------
     0 | D        | rocky1 the Vine Stalker Brigand began the quest for the
                  | Orb.
     0 | D        | Reached XP level 1. HP: 11/11 MP: 2/2
     2 | D        | Noticed Ijyb
    10 | D        | Killed Ijyb
    11 | D        | Reached skill level 9 in Stealth
    11 | D        | Reached XP level 2. HP: 11/15 MP: 3/3
    11 | D        | Reached XP level 3. HP: 13/18 MP: 4/4
   347 | D        | Noticed an ogre
   350 | D        | Killed an ogre
   351 | D        | Reached skill level 12 in Stealth
   351 | D        | Gained mutation: Your natural rate of healing is unusually
                  | fast. [Vine Stalker growth]
   351 | D        | Reached XP level 4. HP: 23/23 MP: 5/5
   362 | D        | Noticed Sigmund
   367 | D        | Mangled by Sigmund

Illustrated notes

Levels and vault maps discovered:
D:        dungeon_sprint_1 [red_sonja_temple_1, red_sonja_temple_small_1]

Skill      XL: |  1  2  3 |
---------------+----------+-----
Stealth        | 9 12 | 12.7
Fighting       | |  1.7
Short Blades   | |  1.7
Throwing       | |  1.7
Dodging        | |  0.7

Action                     |  1- 3 |  4- 6 || total
---------------------------+-------+-------++-------
  Melee: Dagger            |     4 |     1 ||     5
         Bite              |     1 |     1 ||     2
  Throw: Dart              |     3 |     2 ||     5
   Stab: Sleeping          |     1 |       ||     1
 Armour: Robe              |     1 |       ||     1
  Dodge: Dodged            |     1 |     1 ||     2

Table legend: (Time is in decaauts)
 A = Elapsed time spent in this place.
 B = Non-inter-level travel time spent in this place.
 C = Inter-level travel time spent in this place.
 D = Time resting spent in this place.
 E = Time spent auto-exploring this place.
 F = Levels seen in this place.
 G = Mean time per level.
                   A        B        C        D        E       F      G
               +--------+--------+--------+--------+--------+-----+--------+
         Total |    366 |    366 |      0 |    320 |      0 |   1 |  366.0 |
       Dungeon |    366 |    366 |      0 |    320 |      0 |   1 |  366.0 |
               +--------+--------+--------+--------+--------+-----+--------+

Top non-repeatable levels by time:
       D: 366 daAuts
